 Dungeon Crawl Stone Soup version 0.26-a0-1058-g8dc6ce00ff (console) character file.

Game seed: 14619696083950606281

(classic levelgen) 1923 Duffy the Blocker (level 9, -1/64 HPs)
             Began as a Formicid Fighter on Dec 13, 2020.
             Was an Initiate of the Shining One.
             Slain by an orc warrior
             ... wielding a +0 halberd
              (14 damage)
             ... on level 7 of the Dungeon.
             The game lasted 00:06:40 (5674 turns).

Duffy the Blocker (Formicid Fighter)                Turns: 5674, Time: 00:06:40

Health: -1/64      AC: 12    Str: 20    XL:     9   Next: 39%
Magic:  9/9        EV: 15    Int: 10    God:    the Shining One [......]
Gold:   318        SH: 11    Dex: 12    Spells: 8/8 levels left

rFire    . . .     SeeInvis +   b - +2 hand axe (venom)
rCold    . . .     Faith    .   j - +0 kite shield
rNeg     . . .     Spirit   .   r - +0 chain mail
rPois    .         Reflect  .   (helmet unavailable)
rElec    .         Harm     .   m - +2 cloak
rCorr    .         Rampage  .   (no gloves)
Will     .....                  (no boots)
Stlth    ..........             (no amulet)
HPRegen  0.20/turn              o - +4 ring of evasion
MPRegen  0.11/turn              x - +4 ring of evasion

@: glowing
A: permanent stasis, dig shafts and tunnels, four strong arms, antennae 3
a: Dig, Shaft Self, Renounce Religion


You were on level 7 of the Dungeon.
You worshipped the Shining One.
The Shining One was noncommittal.
You visited 2 branches of the dungeon, and saw 8 of its levels.
You also visited: Sewer.

You collected 318 gold pieces.

Inventory:

Hand Weapons
 a - a +0 demon whip of draining
 b - a +2 hand axe of venom (weapon)
 c - a +0 war axe
Armour
 j - a +0 kite shield (worn)
 m - a +2 cloak (worn)
 r - a +0 chain mail (worn)
Jewellery
 g - an uncursed ring of positive energy
 o - a +4 ring of evasion (left hand)
 x - a +4 ring of evasion (right hand)
 y - an uncursed ring of protection from fire {unknown}
Wands
 i - a wand of polymorph (10)
 l - a wand of flame (13)
 n - a wand of disintegration (17)
 u - a wand of digging (5)
Scrolls
 e - 6 scrolls of remove curse
 w - 2 scrolls of magic mapping
Potions
 d - a potion of might
 f - 3 potions of curing
 h - 5 potions of lignification
 k - 2 potions of magic
 p - a potion of degeneration {unknown}
 q - a potion of brilliance {unknown}
 s - a potion of attraction {unknown}
 t - a potion of resistance {unknown}
 v - a potion of flight


   Skills:
 - Level 3.2 Fighting
 + Level 7.9 Axes
 - Level 3.2 Armour
 - Level 9.0 Shields
 - Level 6.0 Evocations


You had 8 spell levels left.
You didn't know any spells.
Your spell library contained the following spells:

 Spells                   Type           Power        Failure   Level
 Beastly Appendage        Tmut           #.....       98%         1
 Wereblood                Tmut           #.......     99%         2
 Confusing Touch          Hex            #.......     100%        3
 Gell's Gravitas          Tloc           #.........   100%        3
 Spider Form              Tmut/Pois      #.........   100%        3
 Ice Form                 Ice/Tmut       #.......     100%        4
 Petrify                  Tmut/Erth      #.......     100%        4
 Blade Hands              Tmut           #.........   100%        5
 Metabolic Englaciation   Hex/Ice        #.........   100%        5
 Yara's Violent Unravell  Hex/Tmut       #.........   100%        5


Dungeon Overview and Level Annotations

Branches:
Dungeon (7/15)             Temple (1/1) D:6           Sewer (visited)

Altars:
Cheibriados
Dithmenos
Elyvilon
Fedhas
Kikubaaqudgha
Makhleb
Okawaru
Qazlal
Ru
Sif Muna
Trog
Vehumet
Wu Jian
Xom
Yredelemnul
The Shining One


Innate Abilities, Weirdness & Mutations

You cannot be hasted, slowed, berserked, paralysed or teleported.
You can dig through walls and to a lower floor.
Your four strong arms can wield two-handed weapons with a shield.
You have a pair of large antennae on your head. (SInv)


Message History

You barely miss the orc warrior. You barely miss the orc.
You slash the white imp!
You kill the orc!
You block the orc warrior's attack.
You hit the orc warrior.
The orc warrior is poisoned.
The orc warrior is lightly wounded.
You barely miss the white imp. The white imp gestures at you.
The puff of frost hits you.
* * * LOW HITPOINT WARNING * * *
An orc comes into view. It is wielding a +0 club.
You block the orc warrior's attack.
The orc shouts!
You hit the orc warrior but do no damage.
The orc warrior looks as sick as possible!
The orc warrior is lightly wounded.
You miss the orc wizard. You hit the white imp. The white imp misses you.
The orc wizard hits you but does no damage.
The orc warrior hits you with a +0 halberd!
You die...

..# { #..#
##..## ##....
.#####:...###
............##
#......)o....##
.o...o5@).....#
......o)......#
..............#
....l.........#
..............#
#............##
##...........#
#####.......#
.........#


You could see an orc warrior (extremely poisoned), an iguana, an orc priest, an
orc wizard, a white imp and an orc.

Vanquished Creatures
  Grinder (D:5)
  3 ice beasts
  Purgy (Sewer)
  3 ogres (D:5)
  4 centaurs (D:6)
  A centaur zombie (D:5)
  4 hounds (D:5)
  2 orc priests
  3 orc wizards (D:4)
  2 bullfrog skeletons (D:4)
  3 iguanas
  A worker ant (D:6)
  A hound skeleton (D:5)
  3 gnolls (D:6)
  9 adders
  2 white imps
  2 ufetubi
  2 oozes
  4 worms
  3 dart slugs
  6 leopard geckos
  27 orcs
  5 ball pythons
  5 giant cockroaches
  7 goblins
  6 hobgoblins
  13 jackals
  3 quokkas
  14 bats
  4 frilled lizards
  A jackal skeleton (D:4)
  15 kobolds
  6 rats
166 creatures vanquished.

Notes
Turn   | Place    | Note
-------+----------+-------------------------------------------
     0 | D:1      | Duffy the Formicid Fighter began the quest for the Orb.
     0 | D:1      | Reached XP level 1. HP: 18/18 MP: 1/1
   132 | D:1      | Reached XP level 2. HP: 24/24 MP: 2/2
   153 | D:1      | Reached skill level 4 in Shields
   521 | D:1      | Reached XP level 3. HP: 28/29 MP: 3/3
   825 | D:2      | Found a blossoming altar of Fedhas.
   857 | D:2      | Reached XP level 4. HP: 35/35 MP: 4/4
  1033 | D:2      | Found a bloodstained altar of Trog.
  1256 | D:2      | Reached skill level 5 in Shields
  1420 | D:2      | Found a shimmering blue altar of Sif Muna.
  1553 | D:3      | Reached XP level 5. HP: 41/41 MP: 5/5
  1560 | D:3      | Found a glowing drain.
  1573 | Sewer    | Entered a sewer
  1601 | Sewer    | Noticed Purgy
  1616 | Sewer    | Killed Purgy
  1617 | Sewer    | Reached skill level 6 in Shields
  1617 | Sewer    | Reached XP level 6. HP: 34/47 MP: 6/6
  2617 | D:4      | Reached skill level 1 in Evocations
  2617 | D:4      | Reached XP level 7. HP: 43/52 MP: 7/7
  2711 | D:4      | Reached skill level 5 in Axes
  2785 | D:4      | Reached skill level 7 in Shields
  3337 | D:5      | Entered Level 5 of the Dungeon
  3473 | D:5      | Reached XP level 8. HP: 58/58 MP: 8/8
  3747 | D:5      | Noticed Grinder
  3771 | D:5      | Killed Grinder
  3772 | D:5      | Reached skill level 8 in Shields
  4418 | D:6      | Found Atsamon's Antique Weapon Shoppe.
  4493 | D:6      | Reached skill level 5 in Evocations
  4493 | D:6      | Reached XP level 9. HP: 64/64 MP: 9/9
  4521 | D:6      | Reached skill level 9 in Shields
  4699 | D:6      | Found a staircase to the Ecumenical Temple.
  4708 | Temple   | Entered the Ecumenical Temple
  4979 | Temple   | Became a worshipper of the Shining One
  5521 | D:6      | Found a burning altar of Makhleb.
  5674 | D:7      | Slain by an orc warrior

Illustrated notes

Levels and vault maps discovered:
D:1:      tarquinn_simple_flora_water_f, layout_basic
D:2:      layout_basic, led_sif_pool, lightli_temple_of_fire, fedhas_altar_2
D:3:      layout_basic, portal_sewer_entry_f, minmay_goblin_kobold_house
D:4:      layout_rooms, nicolae_underground_beach
D:5:      layout_basic, minmay_increasing_density, uniq_grinder
D:6:      layout_loops_cross, general_overflow_altar, minmay_temple_entry_mist,
          serial_shops, kennysheep_mini_moat, minmay_small_thing
D:7:      gammafunk_the_bubble [the_bubble_gammafunk_grid], layout_rooms,
          lemuel_crystal_altar, grunt_gozag_breadcrumbs, uniq_crazy_yiuf_cottage
Temple:   nicolae_temple_figure_eight

Skill      XL: |  1  2  3  4  5  6  7  8  9 |
---------------+----------------------------+-----
Shields        | 4 5 6 7 8 9 |  9.0
Axes           | 3 4 5 6 7 |  7.9
Evocations     | 1 3 5 6 |  6.0
Fighting       | |  3.2
Armour         | |  3.2

Action                   |  1- 3 |  4- 6 |  7- 9 || total
-------------------------+-------+-------+-------++-------
Melee: War axe           |    35 |       |       ||    35
       Hand axe          |    29 |   134 |   208 ||   371
       Demon whip        |       |    50 |    22 ||    72
 Abil: Dig               |       |     3 |     1 ||     4
  Use: Scroll            |       |    10 |     6 ||    16
Armor: Scale mail        |    29 |    44 |    33 ||   106
       Chain mail        |       |       |    24 ||    24
Dodge: Dodged            |    22 |    85 |    98 ||   205
Block: Kite shield       |    36 |   102 |   137 ||   275

Table legend: (Time is in decaauts)
 A = Elapsed time spent in this place.
 B = Non-inter-level travel time spent in this place.
 C = Inter-level travel time spent in this place.
 D = Time resting spent in this place.
 E = Time spent auto-exploring this place.
 F = Levels seen in this place.
 G = Mean time per level.
                   A        B        C        D        E       F      G
               +--------+--------+--------+--------+--------+-----+--------+
         Total |   5738 |   5458 |    280 |     83 |   4179 |   9 |  637.6 |
       Dungeon |   5275 |   5030 |    245 |      0 |   3893 |   7 |  753.6 |
        Temple |    288 |    253 |     35 |      0 |    252 |   1 |  288.0 |
         Sewer |    174 |    174 |      0 |     83 |     34 |   1 |  174.0 |
               +--------+--------+--------+--------+--------+-----+--------+

Top non-repeatable levels by time:
     D:5: 1039 daAuts
     D:6: 997 daAuts
     D:4: 882 daAuts
     D:1: 806 daAuts
     D:2: 773 daAuts
     D:3: 759 daAuts
  Temple: 288 daAuts
   Sewer: 174 daAuts
     D:7: 17 daAuts
